 Dungeon Crawl Stone Soup version 0.19.5 (webtiles) character file.

3441 McKennaii the Thaumaturge (level 9, -13/46 HPs)
             Began as a Deep Elf Fire Elementalist on May 25, 2017.
             Was a Believer of Vehumet.
             Mangled by a wyvern (shapeshifter) (14 damage)
             ... on level 7 of the Dungeon.
             The game lasted 00:17:30 (7400 turns).

McKennaii the Thaumaturge (DEFE)                    Turns: 7400, Time: 00:17:33

Health: -13/46     AC:  6    Str:  3 (5)  XL:     9   Next: 77%
Magic:  26/26      EV: 13    Int: 21 (24) God:    Vehumet [**....]
Gold:   391        SH:  0    Dex: 12 (15) Spells: 6 memorised, 15 levels left

rFire  . . .     SeeInvis .     (no weapon)
rCold  . . .     Gourm    .     a - +0 robe
rNeg   . . .     Faith    .     (no shield)
rPois  +         Spirit   .     o - +2 helmet
rElec  .         Reflect  .     l - +0 cloak
rCorr  .         Harm     .     (no gloves)
MR     .....                    (no boots)
Stlth  +.........               (no amulet)
                                (no ring)
                                i - ring of poison resistance

@: confused
A: no striking features
a: Renounce Religion


You were on level 7 of the Dungeon.
You worshipped Vehumet.
Vehumet was pleased with you.
You were very hungry.

You visited 1 branch of the dungeon, and saw 7 of its levels.

You collected 391 gold pieces.

Inventory:

Armour
 a - a +0 robe (worn)
 l - a +0 cloak (worn)
 o - a +2 helmet (worn)
Jewellery
 i - a ring of poison resistance (left hand)
 D - an uncursed ring of magical power {unknown}
Wands
 k - a wand of lightning (8/15)
 n - a wand of paralysis (3/24)
 r - a wand of slowing (24/48)
 F - a wand of disintegration (18/24)
 J - a wand of digging (7/24)
Scrolls
 d - 3 scrolls of teleportation {unknown}
 j - 4 scrolls of remove curse
 m - 2 scrolls of magic mapping {unknown}
 s - 2 scrolls of fear {unknown}
 u - 3 scrolls of immolation {unknown}
 y - a scroll of recharging {unknown}
 z - a scroll of noise {unknown}
 B - a scroll of blinking {unknown}
 E - 2 scrolls of identify
 G - a scroll of fog {unknown}
 K - a scroll of vulnerability {unknown}
 L - a scroll of enchant weapon {unknown}
Potions
 e - a potion of flight
 f - 4 potions of lignification
 g - a potion of beneficial mutation
 h - 2 potions of mutation
 p - 3 potions of curing
 q - 2 potions of degeneration
 t - a potion of agility {unknown}
 x - 2 potions of resistance {unknown}
 H - a potion of ambrosia {unknown}
 I - a potion of might {unknown}
 M - a potion of haste {unknown}
Books
 b - a book of Flames

   Spells                             Type                      Level
   a - Flame Tongue                   Conjuration/Fire             1
   b - Throw Flame                    Conjuration/Fire             2
   c - Conjure Flame                  Conjuration/Fire             3
   d - Inner Flame                    Hexes/Fire                   3
   e - Sticky Flame                   Conjuration/Fire             4
   f - Fireball                       Conjuration/Fire             5
 v - a book of Changes

   Spells                             Type                      Level
   a - Beastly Appendage              Transmutation                1
   b - Sticks to Snakes               Transmutation                2
   c - Spider Form                    Transmutation/Poison         3
   d - Ice Form                       Ice/Transmutation            4
   e - Blade Hands                    Transmutation                5
 w - a book of Callings

   Spells                             Type                      Level
   a - Summon Small Mammal            Summoning                    1
   b - Call Imp                       Summoning                    2
   c - Call Canine Familiar           Summoning                    3
   d - Summon Guardian Golem          Hexes/Summoning              3
   e - Summon Lightning Spire         Summoning/Air                4
   f - Summon Ice Beast               Ice/Summoning                4
Comestibles
 c - 2 bread rations
 A - a meat ration
 C - 2 beef jerkies


   Skills:
 + Level 0.7 Fighting
 + Level 3.6 Dodging
 + Level 3.5 Stealth
 + Level 11.4 Spellcasting
 + Level 7.9 Conjurations
 + Level 8.5 Fire Magic
 * Level 2.7 Poison Magic


You had 15 spell levels left.
You knew the following spells:

 Your Spells              Type           Power        Failure   Level  Hunger
a - Flame Tongue          Conj/Fire      #####        1%          1    None
b - Throw Flame           Conj/Fire      #####.       1%          2    None
c - Conjure Flame         Conj/Fire      #####...     1%          3    None
d - Sting                 Conj/Pois      ####         1%          1    None
e - Dazzling Spray        Conj/Hex       ####..       3%          3    None
f - Fireball              Conj/Fire      #####.....   6%          5    ####...


Dungeon Overview and Level Annotations

Branches:
Dungeon (7/15)             Temple (0/1) D:7

Altars:
Cheibriados
Dithmenos
Elyvilon
Kikubaaqudgha
Nemelex Xobeh
Okawaru
Qazlal
Ru
Trog
Vehumet
Xom
Zin


Message History

You bump into the rock wall.
The hound barely misses you.
The bullfrog hits you but does no damage.
The wyvern bites you!
* * * LOW HITPOINT WARNING * * *
The hound closely misses you. The wyvern barely misses you.
The bullfrog hits you!
* * * LOW HITPOINT WARNING * * *
The golden eye blinks at you.
You are more confused.
You bump into the rock wall.
The hound misses you. The bullfrog closely misses you.
The wyvern closely misses you.
You're too confused!
It was a potion of degeneration.
There was something very wrong with that liquid.
You feel weakened.
You feel dopey.
You feel clumsy. The hound barely misses you. The wyvern closely misses you.
The bullfrog barely misses you. The hound bites you.
* * * LOW HITPOINT WARNING * * *
The bullfrog misses you. The wyvern bites you!
You die...

#.##.....##### # ### #.###
#(###...## #######.##.
###.###...########/._..##.##.
#[.....###.........._..##.##.
#.#.###.#.#..#####___..##.##.
#.#.# ##.##..# #.._._##.##.
#.#.# #.##..# #o>_..#.....
#.#.# #.##Gl# ############.
#.#.####.##h@####.##...# #.
#.#........F...........# #.
#.#####..##..#########.# #.
#.# #..##<.# #.#####. #.#
#..##..# #...[...
#.#####..##..##### ####[###
#................# #...#
######.####.####.# #.#.# #.#
#.# #.# ##.#.#


You could see a wyvern shaped shifter, a bullfrog, a hound and a golden eye
shaped shifter.

Vanquished Creatures
  Pikel (D:7)
  Grinder (D:5)
  The ghost of siprus the Abyss-Baptised, an amateur DsAK of Lugonu (D:4)
  Menkaure (D:7)
  The ghost of Sanvar the Changer, an amateur OpTm (D:3)
  Edmund (D:4)
  An orc warrior (D:7)
  2 slaves (D:7)
  2 sky beasts
  An ice beast (D:5)
  A necrophage (D:5)
  2 ogres
  A centaur (D:6)
  A big kobold (D:7)
  A bullfrog (D:6)
  3 scorpions
  A wyvern skeleton (D:7)
  A howler monkey (D:7)
  10 wights
  2 bullfrog zombies
  A centaur zombie (D:5)
  2 jellies
  Crazy Yiuf (D:3)
  3 hounds
  3 orc wizards (D:4)
  2 bullfrog skeletons
  Ijyb (D:3)
  2 worker ants
  Terence (D:2)
  Robin (D:3)
  A worker ant zombie (D:5)
  A howler monkey skeleton (D:4)
  A gnoll (D:4)
  4 adders
  2 oozes
  An adder zombie (D:6)
  2 adder skeletons (D:4)
  4 worms
  2 dart slugs
  3 leopard geckos
  11 orcs
  5 giant cockroaches
  23 goblins
  10 hobgoblins
  12 jackals
  A quokka (D:3)
  A ball python (D:5)
  8 bats
  3 frilled lizards
  11 kobolds
  11 rats
169 creatures vanquished.

Vanquished Creatures (others)
  A quokka (D:7)
1 creature vanquished.

Grand Total: 170 creatures vanquished

Notes
Turn   | Place    | Note
-------+----------+-------------------------------------------
     0 | D:1      | McKennaii the Deep Elf Fire Elementalist began the quest for the Orb.
     0 | D:1      | Reached XP level 1. HP: 10/10 MP: 6/6
   150 | D:1      | Reached XP level 2. HP: 9/15 MP: 5/8
   734 | D:1      | Reached XP level 3. HP: 19/19 MP: 6/10
   815 | D:2      | Learned a level 2 spell: Throw Flame
   819 | D:2      | Learned a level 3 spell: Conjure Flame
   905 | D:2      | Reached skill level 4 in Spellcasting
   952 | D:2      | Found a sacrificial altar of Ru.
  1222 | D:2      | Found an iron altar of Okawaru.
  1237 | D:2      | Found a shadowy altar of Dithmenos.
  1238 | D:2      | Found an ancient bone altar of Kikubaaqudgha.
  1239 | D:2      | Found a sparkling altar of Nemelex Xobeh.
  1373 | D:2      | Reached XP level 4. HP: 24/24 MP: 10/12
  1457 | D:2      | Noticed Terence
  1609 | D:2      | Killed Terence
  1998 | D:3      | Reached XP level 5. HP: 28/28 MP: 7/14
  2005 | D:3      | Learned a level 5 spell: Fireball
  2010 | D:3      | Noticed Sanvar's ghost (amateur OpTm)
  2278 | D:3      | Killed Sanvar's ghost
  2278 | D:3      | Reached skill level 5 in Spellcasting
  2312 | D:3      | Noticed Ijyb
  2314 | D:3      | Paralysed by Ijyb for 3 turns
  2322 | D:3      | Killed Ijyb
  2322 | D:3      | Reached XP level 6. HP: 30/32 MP: 4/16
  2401 | D:3      | Noticed Robin
  2507 | D:3      | Killed Robin
  2507 | D:3      | Reached skill level 6 in Spellcasting
  2675 | D:3      | Found a runed door.
  2859 | D:3      | Found a radiant altar of Vehumet.
  2973 | D:3      | Became a worshipper of Vehumet
  3118 | D:3      | Noticed Crazy Yiuf
  3122 | D:3      | Killed Crazy Yiuf
  3203 | D:4      | Found a snail-covered altar of Cheibriados.
  3361 | D:4      | Noticed siprus's ghost (amateur DsAK)
  3377 | D:4      | Killed siprus's ghost
  3377 | D:4      | Reached skill level 5 in Fire Magic
  3377 | D:4      | Reached XP level 7. HP: 36/36 MP: 0/19
  3629 | D:4      | Reached skill level 7 in Spellcasting
  3728 | D:4      | Noticed Edmund
  3742 | D:4      | Killed Edmund
  4068 | D:4      | Reached * piety under Vehumet
  4068 | D:4      | Offered knowledge of Freeze by Vehumet.
  4071 | D:4      | Reached skill level 5 in Conjurations
  4175 | D:5      | Entered Level 5 of the Dungeon
  4175 | D:5      | Noticed Grinder
  4216 | D:4      | Reached skill level 8 in Spellcasting
  4400 | D:5      | Reached XP level 8. HP: 36/41 MP: 17/22
  4430 | D:5      | Found a bloodstained altar of Trog.
  4494 | D:5      | Killed Grinder
  4494 | D:5      | Reached skill level 9 in Spellcasting
  5264 | D:6      | Reached skill level 10 in Spellcasting
  5371 | D:6      | Reached XP level 9. HP: 46/46 MP: 19/25
  5500 | D:6      | Found a stormy altar of Qazlal.
  6001 | D:6      | Found a glowing silver altar of Zin.
  6007 | D:6      | Reached ** piety under Vehumet
  6007 | D:6      | Offered knowledge of Sting by Vehumet.
  6017 | D:6      | Learned a level 1 spell: Sting
  6027 | D:6      | Found a white marble altar of Elyvilon.
  6027 | D:6      | Found a faded altar of an unknown god.
  6032 | D:6      | Found a faded altar of an unknown god.
  6034 | D:6      | Found a faded altar of an unknown god.
  6036 | D:6      | Found a faded altar of an unknown god.
  6208 | D:7      | Found a shimmering altar of Xom.
  6594 | D:7      | Reached skill level 1 in Poison Magic
  6624 | D:7      | Offered knowledge of Dazzling Spray by Vehumet.
  6634 | D:7      | Learned a level 3 spell: Dazzling Spray
  6771 | D:7      | Found a staircase to the Ecumenical Temple.
  6798 | D:7      | Found a shimmering altar of Xom.
  6799 | D:7      | Found a shimmering altar of Xom.
  6799 | D:7      | Found a shimmering altar of Xom.
  6800 | D:7      | Found a shimmering altar of Xom.
  6838 | D:7      | Reached skill level 11 in Spellcasting
  6910 | D:7      | Noticed Menkaure
  6916 | D:7      | Killed Menkaure
  7156 | D:7      | Noticed Pikel
  7191 | D:7      | Killed Pikel
  7241 | D:7      | Found a shimmering altar of Xom.
  7243 | D:7      | Found a shimmering altar of Xom.
  7244 | D:7      | Found a shimmering altar of Xom.
  7400 | D:7      | HP: 1/46 [hound (4)]
  7400 | D:7      | Mangled by a wyvern (shapeshifter)

Skill      XL: |  1  2  3  4  5  6  7  8  9 |
---------------+----------------------------+-----
Spellcasting   | 4 5 6 8 10 11 | 11.4
Conjurations   | 2 3 4 5 6 7 |  7.9
Fire Magic     | 4 5 6 7 8 |  8.5
Stealth        | 3 |  3.5
Dodging        | 3 |  3.6
Poison Magic   | 2 |  2.7
Fighting       | |  0.7

Action                   |  1- 3 |  4- 6 |  7- 9 || total
-------------------------+-------+-------+-------++-------
Melee: Unarmed           |     1 |       |     7 ||     8
 Cast: Flame Tongue      |    75 |    96 |   181 ||   352
       Throw Flame       |     4 |    23 |    84 ||   111
       Conjure Flame     |       |     6 |     4 ||    10
       Fireball          |       |       |     2 ||     2
Evoke: Wand              |       |       |     1 ||     1
  Use: Scroll            |       |       |     5 ||     5
       Potion            |       |       |     1 ||     1
  Eat: Chunk             |     1 |     6 |    12 ||    19
Armor: Robe              |     9 |    10 |    17 ||    36
Dodge: Dodged            |    19 |    16 |    53 ||    88
